 Dungeon Crawl Stone Soup version 0.21.1-1-g345015f (webtiles) character file.

125 theRoog the Chopper (level 4, 0/41 HPs)
             Began as a Minotaur Berserker on Mar 12, 2018.
             Was a Believer of Trog.
             Slain by Robin
             ... wielding a +0 trident
              (2 damage)
             ... on level 3 of the Dungeon.
             The game lasted 00:02:15 (1334 turns).

theRoog the Chopper (Minotaur Berserker)            Turns: 1334, Time: 00:02:15

Health: 0/41       AC:  2    Str: 22    XL:     4   Next: 82%
Magic:  3/3        EV: 12    Int:  4    God:    Trog [**....]
Gold:   115        SH:  0    Dex: 10    Spells: 3/3 levels left

rFire    . . .     SeeInvis .   a - +0 hand axe
rCold    . . .     Gourm    .   (no shield)
rNeg     . . .     Faith    .   b - +0 animal skin
rPois    .         Spirit   .   (helmet restricted)
rElec    .         Reflect  .   (no cloak)
rCorr    .         Harm     .   (no gloves)
MR       .....                  (no boots)
Stlth    +.........             (no amulet)
HPRegen  0.13/turn              (no ring)
MPRegen  0.08/turn              (no ring)

@: no status effects
A: retaliatory headbutt, horns 2
a: Berserk, Trog's Hand, Burn Spellbooks, Renounce Religion


You were on level 3 of the Dungeon.
You worshipped Trog.
Trog was pleased with you.
You were not hungry.

You visited 1 branch of the dungeon, and saw 3 of its levels.

You collected 115 gold pieces.

Inventory:

Hand Weapons
 a - a +0 hand axe (weapon)
Armour
 b - a +0 animal skin (worn)
Jewellery
 d - an uncursed ring of protection from magic {unknown}
Scrolls
 f - 3 scrolls of remove curse {unknown}
 h - 2 scrolls of enchant weapon {unknown}
 i - a scroll of enchant armour {unknown}
 j - a scroll of identify {unknown}
 k - 2 scrolls of fear {unknown}
Potions
 c - a potion of berserk rage {unknown}
 e - a potion of lignification {unknown}
 g - a potion of resistance {unknown}
 l - a potion of curing {unknown}
Comestibles
 m - a ration


   Skills:
 + Level 4.7 Fighting
 + Level 5.1 Axes
 + Level 3.0 Armour
 + Level 3.0 Dodging


You had 3 spell levels left.
You didn't know any spells.

Dungeon Overview and Level Annotations

Branches:
Dungeon (3/15)

Altars:

Annotations:
D:3 Robin


Innate Abilities, Weirdness & Mutations

You reflexively headbutt those who attack you in melee.
You have a pair of horns on your head.


Message History

You are too injured to fight recklessly!
You are too injured to fight recklessly!
You are too injured to fight recklessly!
Unknown command.
You are too injured to fight recklessly!
You barely miss the hobgoblin. Your headbutt misses the hobgoblin.
The hobgoblin hits you.
* * * LOW HITPOINT WARNING * * *
Robin closely misses you.
You hit the hobgoblin.
You kill the hobgoblin!
Trog accepts your kill.
Robin hits you from afar with a trident!
* * * LOW HITPOINT WARNING * * *
Items here: ( )) † an uncursed club; an uncursed hunting sling; 17 stones; a hobgoblin corpse You hit Robin.
Your headbutt misses Robin.
Robin is lightly wounded.
Robin hits you with a trident.
You die...

### ... #.##.##
###g...... #.@...#
.## #)#...# ...
#(###.# ..# #(#†##
....# ###
..###.###...##
..#.# ##.........
..# #.........
..#.# ##..........
###
#.###.###...##.#.#


You could see Robin.

Vanquished Creatures
  4 gnolls (D:2)
  2 adders (D:2)
  4 dart slugs
  2 leopard geckos (D:2)
  8 bats
  2 giant cockroaches
  11 goblins
  9 hobgoblins
  2 frilled lizards
  6 kobolds
  6 rats
56 creatures vanquished.

Notes
Turn   | Place    | Note
-------+----------+-------------------------------------------
     0 | D:1      | theRoog the Minotaur Berserker began the quest for the Orb.
     0 | D:1      | Reached XP level 1. HP: 19/19 MP: 0/0
   180 | D:1      | Reached XP level 2. HP: 26/27 MP: 1/1
   245 | D:1      | Reached skill level 4 in Axes
   835 | D:2      | Reached XP level 3. HP: 33/33 MP: 2/2
   875 | D:2      | Reached ** piety under Trog
   939 | D:2      | Reached XP level 4. HP: 23/41 MP: 3/3
  1303 | D:3      | Reached skill level 5 in Axes
  1324 | D:3      | Noticed Robin
  1332 | D:3      | HP: 2/41 [Robin/trident (7)]
  1334 | D:3      | Slain by Robin

Skill      XL: |  1  2  3  4 |
---------------+-------------+-----
Fighting       | 4 |  4.7
Axes           | 4 5 |  5.1
Armour         | 3 |  3.0
Dodging        | 3 |  3.0

Action                   |  1- 3 |  4- 6 || total
-------------------------+-------+-------++-------
Melee: Hand axe          |    50 |    42 ||    92
       Headbutt          |     5 |     9 ||    14
Invok: Berserk           |     1 |       ||     1
  Eat: Ration            |       |     1 ||     1
Armor: Animal skin       |    10 |     6 ||    16
Dodge: Dodged            |    38 |    34 ||    72
